 Dungeon Crawl Stone Soup version 0.31-a0-196-g86fe4a5e66 (webtiles) character file.

Game seed: 15502883080929478232

1498 Gorgondantess the Grasshopper (level 8, 0/64 HPs)
             Began as a Gnoll Warper on June 24, 2023.
             Was a Follower of Sif Muna.
             Slain by a water moccasin (6 damage)
             ... on level 6 of the Dungeon.
             The game lasted 00:14:27 (6474 turns).

Gorgondantess the Grasshopper (Gnoll Warper)        Turns: 6474, Time: 00:14:27

Health: 0/64       AC:  7    Str: 10    XL:     8   Next: 81%
Magic:  15/17      EV: 13    Int: 14    God:    Sif Muna [*.....]
Gold:   339        SH:  7    Dex: 13    Spells: 11/19 levels left

rFire   . . .        F - +1 hand axe (elec)
rCold   + . .        D - +2 buckler {AC+3}
rNeg    . . .        C - +2 robe {rC+}
rPois   .            (no helmet)
rElec   .            (no cloak)
rCorr   .            (no gloves)
SInv    .            (no boots)
Will    .....        (no amulet)
Stlth   ++           v - ring of flight
HPRegen 0.30/turn    (no ring)
MPRegen 0.15/turn

%: no passive effects
@: lethally poisoned (0 -> -2), flying
A: fangs 1, strong nose, distributed training
a: Renounce Religion, Channel Magic


You were on level 6 of the Dungeon.
You worshipped Sif Muna.
Sif Muna was aware of your devotion.
You visited 2 branches of the dungeon, and saw 7 of its levels.

You collected 339 gold pieces.

Inventory:

Hand Weapons
 a - a +1 flail of holy wrath
 b - a +2 spear of venom
 q - a +0 flail
 r - a +0 mace
 y - a +0 morningstar
 B - a +1 heavy halberd
 F - a +1 hand axe of electrocution (weapon)
Missiles
 d - 7 boomerangs of dispersal
 l - 3 poisoned darts (quivered)
 x - 5 atropa-tipped darts
 G - a boomerang
Armour
 i - a +0 ring mail
 t - a +0 leather armour
 z - a +2 scale mail of cold resistance
 C - a +2 robe of cold resistance (worn)
 D - a +2 buckler of protection (worn)
Jewellery
 s - a ring of fire
 v - a ring of flight (left hand)
Scrolls
 c - 2 scrolls of blinking
 e - 6 scrolls of identify {unknown}
 f - 2 scrolls of teleportation {unknown}
 k - 5 scrolls of fear {unknown}
 m - a scroll of revelation {unknown}
 u - 2 scrolls of noise {unknown}
 w - 2 scrolls of enchant armour {unknown}
 A - a scroll of amnesia {unknown}
Potions
 g - 3 potions of attraction
 j - a potion of lignification {unknown}
 n - a potion of invisibility {unknown}
 o - 3 potions of curing
 p - a potion of enlightenment {unknown}
 E - a potion of haste


   Skills:
 + Level 6.0 Fighting
 + Level 3.7 Short Blades
 + Level 3.7 Long Blades
 + Level 3.7 Axes
 + Level 6.0 Maces & Flails
 + Level 3.7 Polearms
 + Level 3.7 Staves
 + Level 3.7 Ranged Weapons
 + Level 4.6 Throwing
 + Level 4.6 Armour
 + Level 6.0 Dodging
 + Level 3.7 Stealth
 + Level 3.7 Shields
 + Level 3.7 Unarmed Combat
 + Level 6.3 Spellcasting
 + Level 3.1 Conjurations
 + Level 3.1 Hexes
 + Level 3.1 Summonings
 + Level 3.1 Necromancy
 + Level 6.3 Translocations
 + Level 3.1 Transmutations
 + Level 3.1 Fire Magic
 + Level 3.1 Ice Magic
 + Level 3.1 Air Magic
 + Level 3.1 Earth Magic
 + Level 3.1 Poison Magic
 + Level 4.1 Invocations
 + Level 3.7 Evocations


You had 11 spell levels left.
You knew the following spells:

 Your Spells              Type           Power      Damage    Failure   Level
a - Blink                 Tloc           44%        N/A       2%          2
b - Vhi's Electric Charg  Tloc/Air       34%        N/A       10%         3
c - Mephitic Cloud        Conj/Pois/Air  13%        N/A       19%         3

Your spell library contained the following spells:

 Spells                   Type           Power      Damage    Failure   Level
 Lesser Beckoning         Tloc           44%        N/A       2%          2
 Teleport Other           Tloc           22%        N/A       4%          3
 Magic Dart               Conj           52%        1d5       6%          1
 Call Imp                 Summ           26%        N/A       9%          2
 Scorch                   Fire           26%        2d6       9%          2
 Manifold Assault         Tloc           22%        N/A       16%         4
 Inner Flame              Hex/Fire       13%        N/A       19%         3
 Ozocubu's Armour         Ice            13%        N/A       19%         3
 Flame Wave               Conj/Fire      13%        2d6       52%         4
 Sticky Flame             Conj/Fire      13%        2d4       52%         4
 Summon Cactus Giant      Summ           6%         N/A       100%        6
 Ozocubu's Refrigeration  Ice            6%         4d8       100%        7


Dungeon Overview and Level Annotations

Branches:
Dungeon (6/15)             Temple (1/1) D:5

Altars:
Ashenzari
Cheibriados
Dithmenos
Elyvilon
Fedhas
Kikubaaqudgha
Makhleb
Nemelex Xobeh
Okawaru
Qazlal
Sif Muna
Uskayaw
Wu Jian
Xom
Yredelemnul
Zin
The Shining One


Innate Abilities, Weirdness & Mutations

You have very sharp teeth.
Your uncanny sense of smell can sniff out nearby items.
Your experience applies equally to all skills.


Message History

The water moccasin is moderately wounded.
You feel sick. The water moccasin bites you.
You are more poisoned.
The water moccasin poisons you!
You hit the water moccasin.
The water moccasin is moderately wounded.
You feel extremely sick. The water moccasin bites you.
You block the water moccasin's attack.
You hit the water moccasin but do no damage.
The water moccasin is moderately wounded.
You feel very sick. The water moccasin closely misses you.
You block the water moccasin's attack.
You barely miss the water moccasin.
The water moccasin is moderately wounded.
You feel very sick. You block the water moccasin's attack.
You hit the water moccasin.
The water moccasin is moderately wounded.
You feel sick.
The water moccasin bites you but does no damage.
You block the water moccasin's attack.
You barely miss the water moccasin.
The water moccasin is moderately wounded.
You feel very sick. You block the water moccasin's attack.
The water moccasin bites you but does no damage.
You miss the water moccasin. You bite the water moccasin.
The water moccasin is heavily wounded.
You feel sick. The water moccasin bites you.
* * * LOW HITPOINT WARNING * * *
You closely miss the water moccasin.
The water moccasin is heavily wounded.
You feel sick. The water moccasin bites you.
* * * LOW HITPOINT WARNING * * *
The water moccasin bites you.
* * * LOW HITPOINT WARNING * * *
You slash the water moccasin!
The water moccasin is severely wounded.
You feel sick. The water moccasin bites you.
You die...

### ##### #.. #...####.#
################...##....
#...#..............##.#.#
#####.#.#.#######........(#.#
#.....#.#.##@...........#.#.#
##.....#.#.##S#....#.....#.#..
#......#.#[..............#...#
#.....##.).[.........###.#<...
#.....######.....).....#.#.###
#.....# #..).....###.#.#......
####.#####
#.##...............#.#
........#
#.##..>..####......#..
........#
#.##.....#.......#.###


You could see a water moccasin.

Vanquished Creatures
  Grinder (D:5)
  Sigmund (D:5)
  Edmund (D:4)
  2 ogres
  2 phantoms
  2 gnoll sergeants (D:5)
  2 scorpions
  An orc priest (D:6)
  2 jellies (D:5)
  Natasha (thrice) (D:3)
  13 gnolls
  11 adders
  An ufetubus (D:5)
  2 worms
  2 dart slugs
  10 orcs
  8 bats
  4 endoplasms
  10 giant cockroaches
  6 goblins
  11 hobgoblins
  2 quokkas
  8 ball pythons
  4 frilled lizards
  11 kobolds
  4 rats
124 creatures vanquished.

Notes
Turn   | Place    | Note
-------+----------+-------------------------------------------
     0 | D:1      | Gorgondantess the Gnoll Warper began the quest for the Orb.
     0 | D:1      | Reached XP level 1. HP: 20/20 MP: 6/6
   136 | D:1      | Reached XP level 2. HP: 6/26 MP: 7/7
   261 | D:1      | Found a faded altar of an unknown god.
   657 | D:2      | Reached skill level 5 in Spellcasting
   657 | D:2      | Reached XP level 3. HP: 11/31 MP: 7/9
   776 | D:2      | Learned a level 2 spell: Blink
   780 | D:2      | Learned a level 3 spell: Vhi's Electric Charge
   969 | D:2      | Reached skill level 1 in Invocations
  1316 | D:2      | Reached skill level 1 in Short Blades
  1316 | D:2      | Reached skill level 1 in Long Blades
  1316 | D:2      | Reached skill level 1 in Axes
  1316 | D:2      | Reached skill level 1 in Polearms
  1316 | D:2      | Reached skill level 1 in Staves
  1316 | D:2      | Reached skill level 1 in Ranged Weapons
  1316 | D:2      | Reached skill level 1 in Stealth
  1316 | D:2      | Reached skill level 1 in Shields
  1316 | D:2      | Reached skill level 1 in Unarmed Combat
  1316 | D:2      | Reached skill level 1 in Evocations
  1351 | D:2      | Learned a level 3 spell: Mephitic Cloud
  1400 | D:2      | Reached XP level 4. HP: 38/38 MP: 11/11
  1635 | D:3      | Noticed Natasha
  1642 | D:3      | Killed Natasha
  1643 | D:3      | Reached skill level 1 in Conjurations
  1643 | D:3      | Reached skill level 1 in Hexes
  1643 | D:3      | Reached skill level 1 in Summonings
  1643 | D:3      | Reached skill level 1 in Necromancy
  1643 | D:3      | Reached skill level 1 in Transmutations
  1643 | D:3      | Reached skill level 1 in Fire Magic
  1643 | D:3      | Reached skill level 1 in Ice Magic
  1643 | D:3      | Reached skill level 1 in Air Magic
  1643 | D:3      | Reached skill level 1 in Earth Magic
  1643 | D:3      | Reached skill level 1 in Poison Magic
  1778 | D:3      | Noticed Natasha
  1780 | D:3      | Killed Natasha
  2117 | D:3      | Reached XP level 5. HP: 38/43 MP: 9/12
  2397 | D:3      | Noticed Natasha
  2416 | D:3      | Killed Natasha
  3221 | D:4      | Reached XP level 6. HP: 47/50 MP: 9/13
  3259 | D:4      | HP: 2/50 [worm (8)]
  3338 | D:4      | Reached skill level 5 in Fighting
  3338 | D:4      | Reached skill level 5 in Maces & Flails
  3338 | D:4      | Reached skill level 5 in Dodging
  3702 | D:4      | Found a stormy altar of Qazlal.
  4118 | D:5      | Entered Level 5 of the Dungeon
  4217 | D:5      | Reached XP level 7. HP: 37/56 MP: 11/15
  4358 | D:5      | Found a staircase to the Ecumenical Temple.
  4367 | Temple   | Entered the Ecumenical Temple
  4383 | Temple   | Became a worshipper of Sif Muna the Loreminder
  4518 | D:5      | Noticed Grinder
  4519 | D:5      | Paralysed by Grinder for 3 turns
  4530 | D:5      | Paralysed by Grinder for 5 turns
  4542 | D:5      | HP: 2/56 [Grinder (5)]
  4546 | D:5      | Killed Grinder
  4813 | D:5      | Noticed Sigmund
  5076 | D:5      | Found an ornate altar of the Wu Jian Council.
  5117 | D:5      | Noticed Edmund
  5124 | D:5      | Killed Sigmund
  5125 | D:5      | Reached XP level 8. HP: 63/63 MP: 13/16
  5166 | D:4      | Killed Edmund
  6449 | D:6      | Reached * piety under Sif Muna
  6474 | D:6      | Slain by a water moccasin

Illustrated notes

Levels and vault maps discovered:
D:1:      dpeg_arrival_line_fractal, layout_rooms,
          shapermc_ecumenical_altar_mp_vishouse, chequers_serial_rivers_micro_c,
          nrook_mini_vaults, chequers_serial_rivers_small_3
D:2:      minmay_roachtagon, layout_basic, grunt_ministairs_10,
          uniq_crazy_yiuf_cottage
D:3:      minmay_chambers_of_threes, layout_basic, uniq_natasha
D:4:      layout_loops_ring, lemuel_tele_altar, chequers_serial_rivers_room_a,
          minmay_quantized
D:5:      layout_basic, nzn_wu_jian_council_hall,
          minmay_temple_entry_glassed_door, kennysheep_generic_room_5,
          uniq_grinder, uniq_sigmund, uniq_edmund
D:6:      layout_basic
Temple:   regret_index_temple_waves

Skill      XL: |  1  2  3  4  5  6  7  8 |
---------------+-------------------------+-----
Spellcasting   | 5 6 |  6.3
Invocations    | 1 2 3 4 |  4.1
Short Blades   | 1 2 3 |  3.7
Long Blades    | 1 2 3 |  3.7
Axes           | 1 2 3 |  3.7
Polearms       | 1 2 3 |  3.7
Staves         | 1 2 3 |  3.7
Ranged Weapons | 1 2 3 |  3.7
Stealth        | 1 2 3 |  3.7
Shields        | 1 2 3 |  3.7
Unarmed Combat | 1 2 3 |  3.7
Evocations     | 1 2 3 |  3.7
Conjurations   | 1 2 3 |  3.1
Hexes          | 1 2 3 |  3.1
Summonings     | 1 2 3 |  3.1
Necromancy     | 1 2 3 |  3.1
Transmutations | 1 2 3 |  3.1
Fire Magic     | 1 2 3 |  3.1
Ice Magic      | 1 2 3 |  3.1
Air Magic      | 1 2 3 |  3.1
Earth Magic    | 1 2 3 |  3.1
Poison Magic   | 1 2 3 |  3.1
Throwing       | 3 4 |  4.6
Armour         | 3 4 |  4.6
Fighting       | 5 6 |  6.0
Maces & Flails | 5 6 |  6.0
Dodging        | 5 6 |  6.0
Translocations | 6 |  6.3

Action                     |  1- 3 |  4- 6 |  7- 9 || total
---------------------------+-------+-------+-------++-------
  Melee: Mace              |   118 |   189 |       ||   307
         Bite              |     1 |    20 |    15 ||    36
         Punch             |       |     3 |     1 ||     4
         Spear             |       |    15 |    98 ||   113
         Morningstar       |       |     3 |    15 ||    18
         Hand axe          |       |       |    30 ||    30
         Flail             |       |       |     6 ||     6
  Throw: Dart              |       |     8 |       ||     8
   Cast: Vhi's Electric Ch |       |    11 |     2 ||    13
         Mephitic Cloud    |       |       |    13 ||    13
         Blink             |       |       |     2 ||     2
    Use: Potion            |       |       |     4 ||     4
   Stab: Sleeping          |     3 |     2 |       ||     5
         Confused          |       |       |     9 ||     9
 Armour: Leather armour    |    36 |    35 |     6 ||    77
         Robe              |       |       |    12 ||    12
  Dodge: Dodged            |    93 |   166 |    65 ||   324
  Block: Buckler           |       |       |    12 ||    12

Table legend: (Time is in decaauts)
 A = Elapsed time spent in this place.
 B = Non-inter-level travel time spent in this place.
 C = Inter-level travel time spent in this place.
 D = Time resting spent in this place.
 E = Time spent auto-exploring this place.
 F = Levels seen in this place.
 G = Mean time per level.
                   A        B        C        D        E       F      G
               +--------+--------+--------+--------+--------+-----+--------+
         Total |   6528 |   6297 |    231 |    598 |   4357 |   7 |  932.6 |
       Dungeon |   6395 |   6179 |    216 |    598 |   4255 |   6 | 1065.8 |
        Temple |    132 |    117 |     15 |      0 |    102 |   1 |  132.0 |
               +--------+--------+--------+--------+--------+-----+--------+

Top non-repeatable levels by time:
     D:5: 1676 daAuts
     D:3: 1451 daAuts
     D:4: 1313 daAuts
     D:2: 1005 daAuts
     D:1: 640 daAuts
     D:6: 309 daAuts
  Temple: 132 daAuts
